 Dungeon Crawl Stone Soup version 0.24.0-123-gd5b16e6ec5 (webtiles) character file.

Game seed: 16414018520064726550, levelgen mode: deterministic

343 FishyPogo the Conjurer (level 6, -10/41 HPs)
             Began as a Demonspawn Wizard on Jan 27, 2020.
             Killed by divine providence
             ... invoked by an orc priest
              (17 damage)
             ... on level 3 of the Dungeon.
             The game lasted 00:06:50 (1994 turns).

FishyPogo the Conjurer (Demonspawn Wizard)          Turns: 1994, Time: 00:06:50

Health: -10/41     AC:  2    Str:  8    XL:     6   Next: 31%
Magic:  12/12      EV: 12    Int: 24    God:
Gold:   90         SH:  0    Dex: 11    Spells: 4/13 levels left

rFire    . . .     SeeInvis .   p - +4 dagger
rCold    . . .     Gourm    .   (no shield)
rNeg     . . .     Faith    .   o - +0 robe (curse)
rPois    .         Spirit   .   b - +0 hat
rElec    .         Reflect  .   m - scarf {cloud immunity}
rCorr    .         Harm     .   (no gloves)
MR       .....                  (no boots)
Stlth    ++........             (no amulet)
HPRegen  0.13/turn              q - +3 ring of intelligence
MPRegen  0.13/turn              (no ring)

@: no status effects
A: talons 2, demonic guardian 1
a: no special abilities


You were on level 3 of the Dungeon.
You were not hungry.

You visited 1 branch of the dungeon, and saw 3 of its levels.

You collected 90 gold pieces.

Inventory:

Hand Weapons
 p - a +4 dagger (weapon)
Missiles
 a - 59 stones
 c - 9 boomerangs
 k - 17 poisoned darts (quivered)
Armour
 b - a +0 hat (worn)
 m - a scarf of cloud immunity (worn)
 o - a cursed +0 robe (worn)
Jewellery
 q - a +3 ring of intelligence (left hand)
Scrolls
 f - a scroll of teleportation {unknown}
 h - 3 scrolls of magic mapping {unknown}
 i - 5 scrolls of identify {unknown}
 l - 3 scrolls of remove curse {unknown}
 n - 2 scrolls of random uselessness {unknown}
 r - a scroll of fear {unknown}
 x - a scroll of immolation {unknown}
Potions
 e - a potion of invisibility {unknown}
 g - 5 potions of curing {unknown}
 j - a potion of brilliance {unknown}
 s - 2 potions of agility {unknown}
 t - a potion of mutation {unknown}
 v - a potion of heal wounds {unknown}
 w - a potion of might {unknown}
Comestibles
 d - 4 rations
 u - 8 chunks of flesh


   Skills:
 + Level 2.2 Short Blades
 - Level 2.0 Dodging
 - Level 2.0 Stealth
 - Level 4.0 Spellcasting
 * Level 4.3 Conjurations
 - Level 2.1 Summonings
   Level 0.8 Translocations


You had 4 spell levels left.
You knew the following spells:

 Your Spells              Type           Power        Failure   Level  Hunger
a - Magic Dart            Conj           ####         1%          1    None
b - Mephitic Cloud        Conj/Pois/Air  ##......     16%         3    ##.....
c - Conjure Flame         Conj/Fire      ###.....     12%         3    ##.....
p - Call Imp              Summ           ###.....     6%          2    #......

Your spell library contained the following spells:

 Spells                   Type           Power        Failure   Level  Hunger
 Blink                    Tloc           N/A          11%         2    #......
 Slow                     Hex            #.......     14%         2    #......


Dungeon Overview and Level Annotations

Branches:
Dungeon (3/15)

Altars:


Innate Abilities, Weirdness & Mutations

You have razor-sharp toenails.
A weak demonic guardian rushes to your aid.


Message History

You completely miss the orc priest.
The orc priest is lightly wounded.
You hit the orc priest. Your kick misses the orc priest.
The orc priest is heavily wounded.
The orc priest hits you but does no damage.
You hit the orc priest.
The orc priest is severely wounded.
The orc priest invokes the aid of Beogh against you.
Beogh smites you!
* * * LOW HITPOINT WARNING * * *
You barely miss the orc priest. Your kick misses the orc priest.
The orc priest is severely wounded.
The orc priest invokes the aid of Beogh against you.
Pain shoots through your body!
* * * LOW HITPOINT WARNING * * *
You hit the orc priest but do no damage.
The orc priest is severely wounded.
The orc priest calls down the wrath of Beogh upon you.
Beogh smites you!
You die...

#................# #######
##.#############.# ####.....#
#.# ####.# #........# #.# #....#
#.#..#...# #.# #.####
####.#..#...# #[# #.####
...#.#..#...# #.# #....#
#....##.#.#.####.# ####.#
'.............##@########### #.#
#....###......##.o.........###.#
......).......############.....#
#######)......# #..#.#####
#.......# #....# ###
#.......##########.######## ..#
###......................[# #.#
#.....########.o#######.# #.#
#.....# #............#


You could see an orc priest.

Vanquished Creatures
  Grinder (D:3)
  A hound (D:3)
  A worker ant (D:3)
  6 adders
  An ooze (D:2)
  A worm (D:3)
  A dart slug (D:3)
  A leopard gecko (D:1)
  2 orcs (D:3)
  A ball python (D:2)
  3 bats
  2 giant cockroaches
  7 goblins
  5 hobgoblins
  2 jackals (D:1)
  A quokka (D:3)
  4 frilled lizards
  6 kobolds
  5 rats
51 creatures vanquished.

Notes
Turn   | Place    | Note
-------+----------+-------------------------------------------
     0 | D:1      | FishyPogo the Demonspawn Wizard began the quest for the
                  | Orb.
     0 | D:1      | Reached XP level 1. HP: 13/13 MP: 4/4
   189 | D:1      | You fall into a shaft and drop 1 floor!
   205 | D:2      | Gained mutation: You have sharp toenails. [demonic
                  | ancestry]
   205 | D:2      | Reached XP level 2. HP: 14/19 MP: 0/6
   281 | D:1      | Learned a level 2 spell: Call Imp
   466 | D:1      | You fall into a shaft and drop 1 floor!
   701 | D:2      | Reached XP level 3. HP: 24/24 MP: 3/7
  1197 | D:2      | Gained mutation: A weak demonic guardian rushes to your
                  | aid. [demonic ancestry]
  1197 | D:2      | Reached XP level 4. HP: 25/30 MP: 6/9
  1268 | D:3      | Reached skill level 1 in Short Blades
  1350 | D:3      | Learned a level 3 spell: Mephitic Cloud
  1354 | D:3      | Learned a level 3 spell: Conjure Flame
  1407 | D:3      | Noticed Grinder
  1434 | D:3      | Killed Grinder
  1434 | D:3      | Reached XP level 5. HP: 13/35 MP: 3/11
  1434 | D:3      | Gained mutation: You have razor-sharp toenails. [demonic
                  | ancestry]
  1434 | D:3      | Reached XP level 6. HP: 15/41 MP: 3/12
  1930 | D:3      | Noticed an orc warrior
  1994 | D:3      | Killed from afar by an orc priest

Levels and vault maps discovered:
D:1:      minmay_arrival_four_loops, layout_rooms
D:2:      layout_basic
D:3:      layout_basic, uniq_grinder

Skill      XL: |  1  2  3  4 |
---------------+-------------+-----
Dodging        | 2 |  2.0
Stealth        | 2 |  2.0
Conjurations   | 2 4 |  4.3
Short Blades   | 2 |  2.2
Spellcasting   | 4 |  4.0
Summonings     | 2 |  2.1
Translocations | |  0.8

Action                   |  1- 3 |  4- 6 || total
-------------------------+-------+-------++-------
Melee: Dagger            |    34 |    31 ||    65
       Kick              |     6 |     4 ||    10
 Cast: Magic Dart        |    49 |    66 ||   115
 Stab: Sleeping          |     4 |       ||     4
  Eat: Chunk             |     1 |     2 ||     3
Armor: Robe              |     5 |     4 ||     9
Dodge: Dodged            |    35 |     7 ||    42
